| TOP OF THE 1ST |
|
Chicago (NYP) White Sox batting - Pitching for Connecticut Tigers : RHP Bror Wuopio
|
|
Pitching: RHP Bror Wuopio
|
|
|
Batting: RHB Bobby Heagle
|
0-0: Ball 1-0: Called Strike 1-1: Foul Ball, location: 2F 1-2: Ball 2-2: Foul Ball, location: 2F 2-2: Strikes out swinging
|
|
Batting: SHB Danny Gallegos
|
0-0: Called Strike 0-1: Ball 1-1: Called Strike 1-2: Strikes out swinging
|
|
Batting: LHB Anthony Mosley
|
0-0: Called Strike 0-1: DOUBLE (Line Drive, 3D, EV 95.0 MPH)
|
|
Batting: RHB Jeremy Lewis
|
0-0: Ball 1-0: Called Strike 1-1: Ball 2-1: Swinging Strike 2-2: Ball 3-2: Base on Balls
|
|
Batting: RHB Steve Byerly
|
0-0: Ball 1-0: Foul Ball, location: 2F 1-1: Foul Ball, location: 2F 1-2: Foul Ball, location: 2F 1-2: Ball 2-2: Strikes out swinging
|
| Top of the 1st over - 0 runs, 1 hit, 0 errors, 2 left on base; Chicago (NYP) 0 - Connecticut 0 |
| BOTTOM OF THE 1ST |
|
Connecticut Tigers batting - Pitching for Chicago (NYP) White Sox : LHP Jake Richards
|
|
Pitching: LHP Jake Richards
|
|
|
Batting: RHB Yaremka Rzhevsky
|
0-0: Ball 1-0: Ball 2-0: Ground out 6-3 (Groundball, 56, EV 96.2 MPH)
|
|
Batting: RHB Tony Nunez
|
0-0: Ground out 4-3 (Groundball, 4, EV 81.9 MPH)
|
|
Batting: RHB Josh Lyon
|
0-0: Called Strike 0-1: Swinging Strike 0-2: Ball 1-2: Ball 2-2: Foul Ball, location: 2F 2-2: Ground out U3 (Groundball, 34S, EV 64.4 MPH)
|
| Bottom of the 1st over - 0 runs, 0 hits, 0 errors, 0 left on base; Chicago (NYP) 0 - Connecticut 0 |
| TOP OF THE 2ND |
|
Chicago (NYP) White Sox batting - Pitching for Connecticut Tigers : RHP Bror Wuopio
|
|
Batting: RHB Shintaro Katsumata
|
0-0: Foul Ball, location: 2F 0-1: Swinging Strike 0-2: Ball 1-2: Strikes out looking
|
|
Batting: RHB Sean Peake
|
0-0: Ball 1-0: Swinging Strike 1-1: Called Strike 1-2: Ball 2-2: Foul Ball, location: 2F 2-2: Ball 3-2: Foul Ball, location: 2F 3-2: Foul Ball, location: 2F 3-2: Foul Ball, location: 2F 3-2: Ground out 4-3 (Groundball, 4, EV 86.9 MPH)
|
|
Batting: RHB Eduardo Calderon
|
0-0: Ball 1-0: Foul Ball, location: 2F 1-1: Foul Ball, location: 2F 1-2: Ball 2-2: Ball 3-2: Base on Balls
|
|
Batting: RHB Ighlas Mwara
|
0-0: Ball 1-0: Foul Ball, location: 2F 1-1: Hit by Pitch Eduardo Calderon to second
|
|
Batting: RHB Bobby Heagle
|
0-0: Ball 1-0: Ball 2-0: Fielders Choice at 2nd, 6-4 (Groundball, 6, EV 86.2 MPH)
|
| Top of the 2nd over - 0 runs, 0 hits, 0 errors, 2 left on base; Chicago (NYP) 0 - Connecticut 0 |
| BOTTOM OF THE 2ND |
|
Connecticut Tigers batting - Pitching for Chicago (NYP) White Sox : LHP Jake Richards
|
|
Batting: RHB Trevor Mock
|
0-0: Ball 1-0: Called Strike 1-1: Foul Ball, location: 2F 1-2: Foul Ball, location: 2F 1-2: Strikes out swinging
|
|
Batting: RHB Brandon Everett
|
0-0: Ball 1-0: Foul Ball, location: 2F 1-1: Swinging Strike 1-2: Ball 2-2: Strikes out swinging
|
|
Batting: LHB Steve Herrera
|
0-0: Ball 1-0: Ball 2-0: Called Strike 2-1: Foul Ball, location: 2F 2-2: Strikes out swinging
|
| Bottom of the 2nd over - 0 runs, 0 hits, 0 errors, 0 left on base; Chicago (NYP) 0 - Connecticut 0 |
| TOP OF THE 3RD |
|
Chicago (NYP) White Sox batting - Pitching for Connecticut Tigers : RHP Bror Wuopio
|
|
Batting: SHB Danny Gallegos
|
0-0: Ball 1-0: Ball 2-0: Foul Ball, location: 2F 2-1: Foul Ball, location: 2F 2-2: Ball 3-2: Base on Balls
|
|
Batting: LHB Anthony Mosley
|
0-0: Called Strike Danny Gallegos is caught stealing 2nd base 2-6 0-1: Ball 1-1: Ball 2-1: Ball 3-1: Foul Ball, location: 2F 3-2: Fly out, F7 (Flyball, 7S, EV 97.5 MPH)
|
|
Batting: RHB Jeremy Lewis
|
0-0: Ball 1-0: Ball 2-0: Foul Ball, location: 2F 2-1: Ball 3-1: Base on Balls
|
|
Batting: RHB Steve Byerly
|
0-0: Foul Ball, location: 2F 0-1: Ball 1-1: SINGLE (Line Drive, 7S, EV 106.2 MPH) Jeremy Lewis to second
|
|
Batting: RHB Shintaro Katsumata
|
0-0: Called Strike 0-1: Ball 1-1: Ball 2-1: Called Strike 2-2: Ball 3-2: Base on Balls Jeremy Lewis to third Steve Byerly to second
|
|
Batting: RHB Sean Peake
|
0-0: Ball 1-0: Foul Ball, location: 2F 1-1: Swinging Strike 1-2: GRAND SLAM HOME RUN (Flyball, 7LD, EV 97.5 MPH), Distance : 368 ft
|
|
Batting: RHB Eduardo Calderon
|
0-0: Called Strike 0-1: Fly out, F5 (Line Drive, 56, EV 71.9 MPH)
|
| Top of the 3rd over - 4 runs, 2 hits, 0 errors, 0 left on base; Chicago (NYP) 4 - Connecticut 0 |
| BOTTOM OF THE 3RD |
|
Connecticut Tigers batting - Pitching for Chicago (NYP) White Sox : LHP Jake Richards
|
|
Batting: LHB Ryan Adams
|
0-0: Foul Ball, location: 2F 0-1: Called Strike 0-2: Strikes out swinging
|
|
Batting: LHB Zach Rose
|
0-0: Ball 1-0: Ground out 4-3 (Groundball, 4MD, EV 104.4 MPH)
|
|
Batting: LHB Isao Fukui
|
0-0: Called Strike 0-1: Ball 1-1: Ball 2-1: Swinging Strike 2-2: DOUBLE (Flyball, 8RXD, EV 108.1 MPH)
|
|
Batting: RHB Yaremka Rzhevsky
|
0-0: Foul Ball, location: 2F 0-1: Foul Ball, location: 2F 0-2: Ball 1-2: Foul Ball, location: 2F 1-2: Foul Ball, location: 2F 1-2: Ball 2-2: Ground out 6-3 (Groundball, 6M, EV 83.8 MPH)
|
| Bottom of the 3rd over - 0 runs, 1 hit, 0 errors, 1 left on base; Chicago (NYP) 4 - Connecticut 0 |
| TOP OF THE 4TH |
|
Chicago (NYP) White Sox batting - Pitching for Connecticut Tigers : RHP Bror Wuopio
|
|
Pitching: RHP Bert Hernandez
|
|
|
Batting: RHB Ighlas Mwara
|
0-0: Called Strike 0-1: Foul Ball, location: 2F 0-2: Ball 1-2: Ground out 1-3 (Groundball, 15S, EV 67.5 MPH)
|
|
Batting: RHB Bobby Heagle
|
0-0: Called Strike 0-1: Ball 1-1: Ball 2-1: Ball 3-1: Called Strike 3-2: Base on Balls
|
|
Batting: SHB Danny Gallegos
|
0-0: Called Strike 0-1: Fielders Choice at 2nd, 4-6 (Groundball, 4, EV 83.1 MPH)
|
|
Batting: LHB Anthony Mosley
|
0-0: Ball 1-0: Ball 2-0: Called Strike 2-1: Ball 3-1: Base on Balls Danny Gallegos to second
|
|
Batting: RHB Jeremy Lewis
|
0-0: Ball 1-0: Ground out 5-3 (Groundball, 56, EV 100.0 MPH)
|
| Top of the 4th over - 0 runs, 0 hits, 0 errors, 2 left on base; Chicago (NYP) 4 - Connecticut 0 |
| BOTTOM OF THE 4TH |
|
Connecticut Tigers batting - Pitching for Chicago (NYP) White Sox : LHP Jake Richards
|
|
Batting: RHB Tony Nunez
|
0-0: Ball 1-0: Called Strike 1-1: Ball 2-1: Fly out, F8 (Flyball, 8RXD, EV 105.6 MPH)
|
|
Batting: RHB Josh Lyon
|
0-0: Ball 1-0: Ball 2-0: Ball 3-0: Base on Balls
|
|
Batting: RHB Trevor Mock
|
0-0: Foul Ball, location: 2F 0-1: Ball Wild Pitch! Josh Lyon to second 1-1: Ball Wild Pitch! Josh Lyon to third 2-1: Foul Ball, location: 2F 2-2: Foul Ball, location: 2F 2-2: Strikes out looking
|
|
Batting: RHB Brandon Everett
|
0-0: Ball 1-0: Foul Ball, location: 2F 1-1: Ball 2-1: Ball 3-1: Swinging Strike 3-2: SINGLE (Line Drive, 89S, EV 90.6 MPH) Josh Lyon scores
|
|
Batting: LHB Steve Herrera
|
0-0: Ball 1-0: Called Strike 1-1: Foul Ball, location: 2F 1-2: Foul Ball, location: 2F 1-2: Strikes out looking
|
| Bottom of the 4th over - 1 run, 1 hit, 0 errors, 1 left on base; Chicago (NYP) 4 - Connecticut 1 |
| TOP OF THE 5TH |
|
Chicago (NYP) White Sox batting - Pitching for Connecticut Tigers : RHP Bert Hernandez
|
|
Batting: RHB Steve Byerly
|
0-0: Foul Ball, location: 2F 0-1: Ball 1-1: Foul Ball, location: 2F 1-2: SOLO HOME RUN (Flyball, 78XD, EV 105.0 MPH), Distance : 447 ft
|
|
Pitching: RHP Rich Nunez
|
|
|
Batting: RHB Shintaro Katsumata
|
0-0: Ball 1-0: Called Strike 1-1: Ball 2-1: Ball 3-1: Foul Ball, location: 2F 3-2: Foul Ball, location: 2F 3-2: Strikes out swinging
|
|
Batting: RHB Sean Peake
|
0-0: Ball 1-0: Ball 2-0: Swinging Strike 2-1: Foul Ball, location: 2F 2-2: Ball 3-2: Strikes out looking
|
|
Batting: RHB Eduardo Calderon
|
0-0: Called Strike 0-1: Called Strike 0-2: Ball 1-2: SINGLE (Groundball, 4MD, EV 105.6 MPH)
|
|
Batting: RHB Ighlas Mwara
|
0-0: Ball 1-0: Called Strike 1-1: Called Strike 1-2: Ground out 1-3 (Groundball, 13S, EV 68.8 MPH)
|
| Top of the 5th over - 1 run, 2 hits, 0 errors, 1 left on base; Chicago (NYP) 5 - Connecticut 1 |
| BOTTOM OF THE 5TH |
|
Connecticut Tigers batting - Pitching for Chicago (NYP) White Sox : LHP Jake Richards
|
|
Batting: LHB Ryan Adams
|
0-0: Called Strike 0-1: Swinging Strike 0-2: Foul Ball, location: 2F 0-2: Strikes out looking
|
|
Batting: LHB Zach Rose
|
0-0: Ball 1-0: Ball 2-0: Swinging Strike 2-1: Ground out 5-3 (Groundball, 5, EV 88.1 MPH)
|
|
Batting: LHB Isao Fukui
|
0-0: Called Strike 0-1: Foul Ball, location: 2F 0-2: Ball 1-2: Strikes out swinging
|
| Bottom of the 5th over - 0 runs, 0 hits, 0 errors, 0 left on base; Chicago (NYP) 5 - Connecticut 1 |
| TOP OF THE 6TH |
|
Chicago (NYP) White Sox batting - Pitching for Connecticut Tigers : RHP Rich Nunez
|
|
Batting: RHB Bobby Heagle
|
0-0: SINGLE (Line Drive, 89S, EV 96.9 MPH)
|
|
Batting: SHB Danny Gallegos
|
0-0: Called Strike 0-1: Called Strike Bobby Heagle steals 2nd, throwing error, E2 Bobby Heagle to third 0-2: Strikes out swinging
|
|
Batting: LHB Anthony Mosley
|
0-0: Ball 1-0: Swinging Strike 1-1: Ground out 4-3 (Groundball, 34S, EV 68.8 MPH)
|
|
Pitching: RHP Matt Haberle
|
|
|
Batting: RHB Jeremy Lewis
|
0-0: Ball 1-0: Ball 2-0: Ball 3-0: Called Strike 3-1: Base on Balls
|
|
Batting: RHB Steve Byerly
|
0-0: Ball 1-0: Foul Ball, location: 2F 1-1: Swinging Strike 1-2: Strikes out swinging
|
| Top of the 6th over - 0 runs, 1 hit, 1 error, 2 left on base; Chicago (NYP) 5 - Connecticut 1 |
| BOTTOM OF THE 6TH |
|
Connecticut Tigers batting - Pitching for Chicago (NYP) White Sox : LHP Jake Richards
|
|
Batting: RHB Yaremka Rzhevsky
|
0-0: Called Strike 0-1: Foul Ball, location: 2F 0-2: Ball 1-2: Strikes out swinging
|
|
Batting: RHB Tony Nunez
|
0-0: TRIPLE (Line Drive, 89XD, EV 104.4 MPH)
|
|
Batting: RHB Josh Lyon
|
0-0: Swinging Strike 0-1: Swinging Strike 0-2: Strikes out swinging
|
|
Batting: RHB Trevor Mock
|
0-0: Ball 1-0: Ground out 6-3 (Groundball, 6MD, EV 88.8 MPH)
|
| Bottom of the 6th over - 0 runs, 1 hit, 0 errors, 1 left on base; Chicago (NYP) 5 - Connecticut 1 |
| TOP OF THE 7TH |
|
Chicago (NYP) White Sox batting - Pitching for Connecticut Tigers : RHP Matt Haberle
|
|
Batting: RHB Shintaro Katsumata
|
0-0: Swinging Strike 0-1: Called Strike 0-2: Strikes out swinging
|
|
Batting: RHB Sean Peake
|
0-0: Swinging Strike 0-1: Ball 1-1: Foul Ball, location: 2F 1-2: Strikes out swinging
|
|
Batting: RHB Eduardo Calderon
|
0-0: Called Strike 0-1: Ball 1-1: Ball 2-1: Ground out 6-3 (Groundball, 56, EV 86.2 MPH)
|
| Top of the 7th over - 0 runs, 0 hits, 0 errors, 0 left on base; Chicago (NYP) 5 - Connecticut 1 |
| BOTTOM OF THE 7TH |
|
Connecticut Tigers batting - Pitching for Chicago (NYP) White Sox : LHP Jake Richards
|
|
Batting: RHB Brandon Everett
|
0-0: Called Strike 0-1: Ground out 6-3 (Groundball, 6, EV 111.2 MPH)
|
|
Batting: LHB Steve Herrera
|
0-0: Foul Ball, location: 2F 0-1: Foul Ball, location: 2F 0-2: Strikes out swinging
|
|
Batting: LHB Ryan Adams
|
0-0: Ball 1-0: Foul Ball, location: 2F 1-1: Called Strike 1-2: Fly out, F8 (Flyball, 8RM, EV 83.1 MPH)
|
| Bottom of the 7th over - 0 runs, 0 hits, 0 errors, 0 left on base; Chicago (NYP) 5 - Connecticut 1 |
| TOP OF THE 8TH |
|
Chicago (NYP) White Sox batting - Pitching for Connecticut Tigers : RHP Matt Haberle
|
|
Batting: RHB Ighlas Mwara
|
0-0: Called Strike 0-1: Foul Ball, location: 2F 0-2: Ball 1-2: Ground out 5-3 (Groundball, 5, EV 82.5 MPH)
|
|
Pitching: LHP Estêvão Cavadas
|
|
|
Batting: RHB Bobby Heagle
|
0-0: Ball 1-0: Called Strike 1-1: Foul Ball, location: 2F 1-2: Ball 2-2: Ball 3-2: Fly out, F8 (Flyball, 89M, EV 80.6 MPH)
|
|
Batting: SHB Danny Gallegos
|
0-0: Swinging Strike 0-1: Ball 1-1: Ball 2-1: Ball 3-1: Foul Ball, location: 2F 3-2: Fly out, F7 (Flyball, 7, EV 84.4 MPH)
|
| Top of the 8th over - 0 runs, 0 hits, 0 errors, 0 left on base; Chicago (NYP) 5 - Connecticut 1 |
| BOTTOM OF THE 8TH |
|
Connecticut Tigers batting - Pitching for Chicago (NYP) White Sox : LHP Jake Richards
|
|
Pitching: RHP Jose Barreras
|
|
|
Batting: LHB Zach Rose
|
0-0: Ground out 4-3 (Groundball, 34, EV 88.8 MPH)
|
|
Pinch Hitting: RHB Sam Saunders
|
0-0: Ball 1-0: Called Strike 1-1: Foul Ball, location: 2F 1-2: Foul Ball, location: 2F 1-2: Strikes out swinging
|
|
Batting: RHB Yaremka Rzhevsky
|
0-0: Foul Ball, location: 2F 0-1: Foul Ball, location: 2F 0-2: Ball 1-2: Ball 2-2: Strikes out swinging
|
| Bottom of the 8th over - 0 runs, 0 hits, 0 errors, 0 left on base; Chicago (NYP) 5 - Connecticut 1 |
| TOP OF THE 9TH |
|
Chicago (NYP) White Sox batting - Pitching for Connecticut Tigers : LHP Estêvão Cavadas
|
|
Now in LF: Sam Saunders
|
|
|
Batting: LHB Anthony Mosley
|
0-0: Ball 1-0: Ball 2-0: Ball 3-0: Base on Balls
|
|
Batting: RHB Jeremy Lewis
|
0-0: Foul Ball, location: 2F 0-1: Ball 1-1: Called Strike 1-2: Ball 2-2: Strikes out looking
|
|
Batting: RHB Steve Byerly
|
0-0: Foul Ball, location: 2F 0-1: Foul Ball, location: 2F 0-2: Ball 1-2: Ground out 4-3 (Groundball, 34S, EV 83.8 MPH) Anthony Mosley to second
|
|
Batting: RHB Shintaro Katsumata
|
0-0: Ball 1-0: Ball 2-0: Called Strike 2-1: Ball Wild Pitch! Anthony Mosley to third 3-1: Ground out 6-3 (Groundball, 6, EV 98.1 MPH)
|
| Top of the 9th over - 0 runs, 0 hits, 0 errors, 1 left on base; Chicago (NYP) 5 - Connecticut 1 |
| BOTTOM OF THE 9TH |
|
Connecticut Tigers batting - Pitching for Chicago (NYP) White Sox : RHP Jose Barreras
|
|
Batting: RHB Tony Nunez
|
0-0: Called Strike 0-1: Foul Ball, location: 2F 0-2: Strikes out swinging
|
|
Batting: RHB Josh Lyon
|
0-0: Foul Ball, location: 2F 0-1: Ground out 2-3 (Groundball, 15S, EV 67.5 MPH)
|
|
Batting: RHB Trevor Mock
|
0-0: Ball 1-0: DOUBLE (Line Drive, 7LS, EV 105.6 MPH)
|
|
Batting: RHB Brandon Everett
|
0-0: Ball 1-0: Ball 2-0: Swinging Strike 2-1: Ball 3-1: Foul Ball, location: 2F 3-2: Ground out 5-3 (Groundball, 56D, EV 82.5 MPH)
|
| Bottom of the 9th over - 0 runs, 1 hit, 0 errors, 1 left on base; Chicago (NYP) 5 - Connecticut 1 |
|